 Dungeon Sprint DCSS version bcrawl-1.17.3 (webtiles) character file.

Game seed: 6762921594713560850

77536 esc the Prime (level 15, -12/145 HPs)
             Began as a Demigod Fighter on Oct 25, 2019.
             Killed from afar by a fire dragon (35 damage)
             ... with a blast of flame
             ... in the Dungeon (Sprint IX: "|||||||||||||||||||||||||||||").
             The game lasted 00:31:51 (5552 turns).

esc the Prime (Demigod Fighter)                     Turns: 5552, Time: 00:31:52

Health: -12/145    AC: 29    Str: 38    XL:     15   Next: 15%
Magic:  43/44      EV: 10    Int: 17    God:    Demigod [******]
Gold:   1251       SH: 24    Dex: 20    Spells: 14/14 levels left

rFire    . . .     SeeInvis .   p - +2 scimitar (holy)
rCold    . . .     Gourm    .   c - +0 shield
rNeg     . . .     Faith    .   A - +6 scale mail "Omox" {+Inv rPois Dex+4}
rPois    +         Spirit   .   u - +3 hat of Pondering {ponderous, MR+ MP+10 Int+5}
rElec    +         Reflect  .   x - +0 cloak
rCorr    .         Harm     .   B - +1 pair of gloves
MR       ++...     NoTele   +   a - +2 pair of boots
Stlth    ..........             (no amulet)
HPRegen  0.34/turn              t - ring of Yredelemnul's Reproof {rElec Str+3}
MPRegen  0.29/turn              r - +2 ring of protection

@: mighty, hasted (expiring), very quick
A: high mp 1
a: Temporal Distortion, Growth, Major Destruction, Heroism, Divine Shield,
Smiting, Evoke Invisibility


You were in the Dungeon.
You worshipped Demigod.
Demigod was exalted by your worship.
You were hungry.

You visited 1 branch You collected 1952 gold pieces.
You spent 701 gold pieces at shops.

Inventory:

Hand Weapons
 p - a +2 scimitar of holy wrath (weapon)
 q - a +0 triple sword
 K - a +2 great sword of flaming
Armour
 a - a +2 pair of boots (worn)
 c - a +0 shield (worn)
 u - the +3 hat of Pondering (worn) {ponderous, MR+ MP+10 Int+5}
   (You took it off Gastronok in the Dungeon)

   It affects your intelligence (+5).
   It affects your resistance to hostile enchantments.
   It affects your magic capacity (+10).
 x - a +0 cloak (worn)
 y - a +0 helmet
 A - the +6 scale mail "Omox" (worn) {+Inv rPois Dex+4}
   (You bought it in a shop in the Dungeon)

   It affects your dexterity (+4).
   It protects you from poison.
   It lets you turn invisible.
 B - a +1 pair of gloves (worn)
 C - the cursed +0 large shield of the Armoured One {rPois}
   (You found it in the Dungeon)

   It protects you from poison.
   It has a curse placed upon it.
 D - +0 swamp dragon scales
 E - +1 ice dragon scales
Jewellery
 r - a +2 ring of protection (right hand)
 t - the ring of Yredelemnul's Reproof (left hand) {rElec Str+3}
   (You found it in the Dungeon)

   [ring of insulation]

   It affects your strength (+3).
   It insulates you from electricity.
 w - a +3 ring of intelligence
Wands
 b - a wand of polymorph (3)
 o - a wand of acid (5)
Scrolls
 m - 7 scrolls of remove curse
 n - 2 scrolls of amnesia
 v - 4 scrolls of fog
 H - a scroll of identify
 I - 2 scrolls of fear
Potions
 e - 5 potions of curing
 i - 4 potions of magic
 j - a potion of berserk rage
 l - a potion of invisibility
 s - 3 potions of agility
 F - a potion of brilliance
 G - a potion of mutation
Comestibles
 f - 9 rations {!d}


   Skills:
 + Level 16.4 Fighting
 + Level 17.8 Long Blades
 + Level 16.4 Armour
 + Level 16.4 Shields
 + Level 21.6 Invocations


You had 14 spell levels left.
You didn't know any spells.
Your spell library contained the following spells:

 Spells                   Type           Power        Failure   Level  Hunger
 Ensorcelled Hibernation  Hex/Ice        #.....       45%         2    ###....
 Borgnjor's Vile Clutch   Necr/Erth      #.........   100%        6    #######
 Darkness                 Hex            #.........   100%        6    #######
 Infestation              Hex/Tmut/Pois  #........    100%        6    #######
 Shadow Creatures         Summ           N/A          100%        6    #######
 Time Stop                Chrm/Tloc      N/A          100%        8    #######


Dungeon Overview and Level Annotations

Branches:
Dungeon (1/1)

Shops:
D [%[(


Innate Abilities, Weirdness & Mutations

You have an increased reservoir of magic. (+10% MP)


Message History

You block the stone giant's attack.
You hit the stone giant.
The stone giant is severely wounded.
You hit the stone giant.
The stone giant is almost dead.
You block the stone giant's attack.
You hit the stone giant.
The stone giant is almost dead.
You slice the stone giant!!
You kill the stone giant!
Your kill strengthens your divinity.
Your extra speed is starting to run out.
You block the fire dragon's attack. x3
You see here 50 large rocks.
You slash the fire dragon!
The fire dragon is lightly wounded.
The fire dragon breathes flames at you. The blast of flame hits you!
You die...
Your divinity fades.

.▓.▓)▓.▓.▓.♣.♣.▓
.▓.▓)▓.▓.▓.♣.♣.▓.▓
'▓.▓)▓.▓[▓.♣.♣.▓.▓
.▓.▓)▓.▓.▓.♣.♣.▓.▓
.▓.▓)▓.▓[▓.♣.♣.▓.▓
.▓.▓)▓.▓[▓.♣.♣.▓.▓
.▓.▓'▓.▓.▓.♣.♣.▓.▓
.▓.▓.▓.▓.▓.♣)♣.▓D▓
.▓.▓.▓.▓[▓.♣'♣.▓@▓
.▓.▓.▓.▓[▓.▓.▓.▓.▓
.▓.▓.▓.▓.▓.▓.▓.▓)▓
.▓.▓.▓.▓)▓.▓.▓.▓)▓
'▓.▓.▓.▓.▓.▓.▓.▓)▓
.▓.▓.▓.▓)▓.▓.▓.▓†▓
.▓.▓.▓.▓)▓.▓)▓.▓)▓
.▓.▓.▓.▓)▓.▓.▓.▓)▓
.▓.▓.▓.▓)▓.▓)▓.▓P▓


You could see a fire dragon.

Vanquished Creatures
  A Killer Klown (D)
  Gastronok (D)
  A thorn hunter (D)
  A nagaraja (D)
  4 fire giants (D)
  2 stone giants (D)
  Nessos (D)
  A vampire knight (D)
  A spark wasp (D)
  An entropy weaver (D)
  2 yaktaur captains (D)
  Josephine (D)
  A deep elf high priest (D)
  A great orb of eyes (D)
  2 ice dragons (D)
  A hydra (D)
  A naga warrior (D)
  Psyche (D)
  A ghost crab (D)
  A catoblepas (D)
  3 centaur warriors (D)
  A satyr (D)
  A two-headed ogre (D)
  An ogre mage (D)
  A tengu warrior (D)
  6 death yaks (D)
  A deep troll earth mage (D)
  An orc high priest (D)
  A spriggan (D)
  Nergalle (D)
  A flayed ghost (D)
  An unseen horror (shapeshifter) (D)
  A swamp dragon (D)
  A wizard (D)
  2 orb spiders (D)
  A mana viper (D)
  2 deep elf magi (D)
  5 orc sorcerers (D)
  2 ugly things (D)
  A manticore (shapeshifter) (D)
  2 black mambas (D)
  Maurice (D)
  2 merfolk sirens (D)
  An elephant (D)
  A naga mage (D)
  A torpor snail (D)
  2 cane toads (D)
  A yaktaur (D)
  A rime drake (D)
  A demonic crawler (D)
  A troll (D)
  A merfolk (D)
  A hornet (D)
  A wind drake (D)
  A jumping spider (D)
  A bog body (D)
  A hippogriff (D)
  2 slime creatures (D)
  A tarantella (D)
  A redback (D)
  A yak (shapeshifter) (D)
  4 yaks (D)
  3 water elementals (D)
  4 wraiths (D)
  3 basilisks (D)
  A vampire mosquito (D)
  3 nagas (D)
  2 water moccasins (D)
  10 orc warriors (D)
  2 porcupines (D)
  2 ice beasts (D)
  A sky beast (D)
  A centaur (D)
  A crocodile (D)
  3 bullfrogs (D)
  A scorpion (D)
  3 hounds (D)
  4 orc priests (D)
  12 orc wizards (D)
  A worker ant (D)
  2 adders (D)
  An ooze (D)
  6 orcs (D)
  A bat (D)
  3 hobgoblins (D)
  A ball python skeleton (D)
  A frilled lizard (D)
  A giant cockroach zombie (D)
162 creatures vanquished.

Vanquished Creatures (others)
  A cane toad (D)
  A tyrant leech (D)
  An orc wizard (D)
3 creatures vanquished.

Grand Total: 165 creatures vanquished

Notes
Turn   | Place    | Note
-------+----------+-------------------------------------------
     0 | D        | esc the Demigod Fighter began the quest for the Orb.
     0 | D        | Reached XP level 1. HP: 18/18 MP: 3/3
     9 | D        | Reached * piety under Demigod
    27 | D        | Noticed a scorpion
    27 | D        | Noticed an orc wizard
    30 | D        | Reached ** piety under Demigod
    30 | D        | Reached XP level 2. HP: 25/25 MP: 4/4
    38 | D        | Reached XP level 3. HP: 20/30 MP: 5/5
    68 | D        | Killed a scorpion
    68 | D        | Reached *** piety under Demigod
    68 | D        | Reached XP level 4. HP: 8/37 MP: 6/6
   307 | D        | Found a roughly hewn altar of Beogh.
   307 | D        | Found a snail-covered altar of Cheibriados.
   307 | D        | Found a shadowy altar of Dithmenos.
   307 | D        | Found a white marble altar of Elyvilon.
   307 | D        | Found a blossoming altar of Fedhas.
   307 | D        | Found an opulent altar of Gozag.
   308 | D        | Found a hazy altar of Hepliaklqana.
   309 | D        | Found a viscous altar of Jiyva.
   310 | D        | Found an ancient bone altar of Kikubaaqudgha.
   311 | D        | Found a corrupted altar of Lugonu.
   312 | D        | Found a burning altar of Makhleb.
   313 | D        | Found a sparkling altar of Nemelex Xobeh.
   314 | D        | Found an iron altar of Okawaru.
   315 | D        | Found a stormy altar of Qazlal.
   316 | D        | Found a sacrificial altar of Ru.
   317 | D        | Found a shimmering blue altar of Sif Muna.
   318 | D        | Found a bloodstained altar of Trog.
   319 | D        | Found a hide-covered altar of Uskayaw.
   320 | D        | Found a radiant altar of Vehumet.
   321 | D        | Found an ornate altar of the Wu Jian Council.
   322 | D        | Found a shimmering altar of Xom.
   323 | D        | Found a basalt altar of Yredelemnul.
   324 | D        | Found a glowing silver altar of Zin.
   325 | D        | Found a glowing golden altar of the Shining One.
   376 | D        | Noticed an ice beast
   376 | D        | Noticed a yak
   377 | D        | Reached skill level 1 in Invocations
   386 | D        | Reached skill level 2 in Invocations
   386 | D        | Reached XP level 5. HP: 45/45 MP: 7/9
   392 | D        | Killed a yak
   392 | D        | Reached **** piety under Demigod
   392 | D        | Reached skill level 5 in Invocations
   392 | D        | Reached XP level 6. HP: 35/53 MP: 7/12
   398 | D        | Killed an ice beast
   398 | D        | Reached skill level 5 in Fighting
   398 | D        | Reached skill level 5 in Armour
   398 | D        | Reached skill level 5 in Shields
   398 | D        | Reached skill level 6 in Invocations
   502 | D        | Noticed a basilisk
   502 | D        | Noticed an ice beast
   502 | D        | Noticed a deep elf mage
   502 | D        | Noticed a troll
   502 | D        | Noticed a brown ugly thing
   527 | D        | Killed a brown ugly thing
   527 | D        | Reached skill level 10 in Long Blades
   527 | D        | Reached skill level 8 in Invocations
   527 | D        | Reached XP level 7. HP: 47/64 MP: 13/16
   582 | D        | Killed a troll
   590 | D        | Killed a deep elf mage
   590 | D        | Reached skill level 9 in Invocations
   590 | D        | Reached XP level 8. HP: 66/73 MP: 16/18
   602 | D        | Reached ***** piety under Demigod
   671 | D        | Reached skill level 10 in Invocations
   895 | D        | Got the ring of Yredelemnul's Reproof {rElec Str+3}
   921 | D        | Noticed an elephant
   959 | D        | Reached XP level 9. HP: 23/81 MP: 20/20
  1017 | D        | HP: 2/81 [porcupine's spines (14)]
  1410 | D        | Reached skill level 11 in Invocations
  1471 | D        | Killed an elephant
  1635 | D        | Noticed a seven-headed hydra
  1635 | D        | Noticed a rime drake
  1635 | D        | Noticed a death yak
  1635 | D        | Noticed a cane toad
  1658 | D        | Killed a death yak
  1658 | D        | Reached skill level 12 in Invocations
  1662 | D        | Noticed a cane toad
  1669 | D        | Killed a cane toad
  1669 | D        | Reached ****** piety under Demigod
  1676 | D        | Killed a rime drake
  1676 | D        | Reached XP level 10. HP: 31/91 MP: 20/23
  1683 | D        | Killed a seven-headed hydra
  1689 | D        | Reached skill level 13 in Invocations
  1692 | D        | Reached skill level 10 in Fighting
  1692 | D        | Reached skill level 10 in Armour
  1692 | D        | Reached skill level 10 in Shields
  1695 | D        | Killed a cane toad
  1962 | D        | Noticed a death yak
  1962 | D        | Noticed a death yak
  1962 | D        | Noticed a catoblepas
  1962 | D        | Noticed a death yak
  1962 | D        | Noticed a death yak
  1963 | D        | Noticed a death yak
  2005 | D        | Killed a catoblepas
  2023 | D        | Killed a death yak
  2034 | D        | Killed a death yak
  2034 | D        | Reached skill level 14 in Invocations
  2044 | D        | Killed a death yak
  2044 | D        | Reached XP level 11. HP: 63/101 MP: 17/25
  2062 | D        | Killed a death yak
  2068 | D        | Killed a death yak
  2282 | D        | Noticed Psyche
  2303 | D        | Killed Psyche
  2303 | D        | Reached skill level 15 in Invocations
  2499 | D        | Noticed Gastronok
  2538 | D        | Killed Gastronok
  2666 | D        | Noticed Maurice
  2697 | D        | Killed Maurice
  2730 | D        | Noticed an orc high priest
  2778 | D        | Killed an orc high priest
  2778 | D        | Reached skill level 16 in Invocations
  3073 | D        | Found Isaipliu's Antique Weapon Boutique.
  3073 | D        | Noticed an orc sorcerer
  3073 | D        | Noticed an orc sorcerer
  3079 | D        | Killed an orc sorcerer
  3079 | D        | Reached XP level 12. HP: 95/113 MP: 28/28
  3107 | D        | Found Ufri's Antique Armour Shop.
  3116 | D        | Found Ibruhex's Food Boutique.
  3120 | D        | Found Umisulir's Antique Armour Shop.
  3176 | D        | Bought a faintly humming scale mail for 243 gold pieces
  3176 | D        | Bought a pair of runed gloves for 202 gold pieces
  3190 | D        | Identified the +6 scale mail "Omox" {+Inv rPois Dex+4} (You
                  | bought it in a shop in the Dungeon)
  3200 | D        | Bought a jewelled helmet for 256 gold pieces
  3210 | D        | Identified the +0 helmet of Ru's Hatred {rF+ Str-4 Int-3
                  | Dex+4} (You bought it in a shop in the Dungeon)
  3441 | D        | Got the +6 hand axe of Proximity {chop, rN+ Str+6}
  3446 | D        | Got the cursed +1 mace "Zyimimef" {flame, Dex+3 Stlth+}
  3453 | D        | Got the cursed +0 large shield of the Armoured One {rPois}
  3496 | D        | Noticed a centaur warrior
  3496 | D        | Noticed a two-headed ogre
  3499 | D        | Noticed a tengu warrior
  3503 | D        | Killed a two-headed ogre
  3516 | D        | Killed a centaur warrior
  3516 | D        | Reached skill level 17 in Invocations
  3533 | D        | Noticed a great orb of eyes
  3536 | D        | Noticed an ogre mage
  3549 | D        | Killed a tengu warrior
  3550 | D        | Noticed a fire giant
  3556 | D        | Reached skill level 15 in Long Blades
  3561 | D        | Killed a great orb of eyes
  3577 | D        | Killed a fire giant
  3582 | D        | Noticed a centaur warrior
  3585 | D        | Noticed a centaur warrior
  3596 | D        | Killed an ogre mage
  3600 | D        | Killed a centaur warrior
  3600 | D        | Reached skill level 18 in Invocations
  3607 | D        | Killed a centaur warrior
  3881 | D        | Noticed Josephine
  3899 | D        | Killed Josephine
  4114 | D        | Noticed Nergalle
  4129 | D        | Killed Nergalle
  4282 | D        | Noticed Nessos
  4288 | D        | Killed Nessos
  4288 | D        | Reached XP level 13. HP: 107/124 MP: 30/30
  4491 | D        | Noticed a thorn hunter
  4530 | D        | Killed a thorn hunter
  4530 | D        | Reached skill level 19 in Invocations
  4669 | D        | Noticed a spark wasp
  4669 | D        | Noticed an entropy weaver
  4715 | D        | Reached XP level 14. HP: 44/133 MP: 32/32
  4716 | D        | Killed an entropy weaver
  5249 | D        | Noticed a nagaraja
  5272 | D        | Killed a nagaraja
  5272 | D        | Reached skill level 15 in Fighting
  5272 | D        | Reached skill level 15 in Armour
  5272 | D        | Reached skill level 15 in Shields
  5291 | D        | Reached skill level 20 in Invocations
  5425 | D        | Noticed a fire giant
  5425 | D        | Noticed a fire giant
  5425 | D        | Noticed a vampire knight
  5429 | D        | Noticed a fire giant
  5430 | D        | Killed a vampire knight
  5438 | D        | Killed a fire giant
  5459 | D        | Killed a fire giant
  5465 | D        | Killed a fire giant
  5470 | D        | HP: 3/204 [ice dragon/blast of cold (27)]
  5472 | D        | Noticed a stone giant
  5496 | D        | Killed a stone giant
  5496 | D        | Reached skill level 21 in Invocations
  5498 | D        | Noticed a Killer Klown
  5510 | D        | Noticed an entropy weaver
  5510 | D        | a minotaur changed into an entropy weaver
  5512 | D        | an entropy weaver changed into an ice dragon
  5519 | D        | Noticed a stone giant
  5528 | D        | Killed a Killer Klown
  5528 | D        | Reached XP level 15. HP: 45/144 MP: 34/34
  5552 | D        | Killed from afar by a fire dragon

Skill      XL: |  1  2  3  4  5  6  7  8  9 10 11 12 13 14 |
---------------+-------------------------------------------+-----
Long Blades    | 4 6 8 9 10 11 12 13 14 15 16 17 | 17.8
Fighting       | 3 4 6 7 8 9 10 12 14 16 | 16.4
Armour         | 3 4 6 7 8 9 10 12 14 16 | 16.4
Shields        | 3 4 6 7 8 9 10 12 14 16 | 16.4
Invocations    | 2 5 8 9 10 12 14 16 18 19 21 | 21.6

Action                   |  1- 3 |  4- 6 |  7- 9 | 10-12 | 13-15 || total
-------------------------+-------+-------+-------+-------+-------++-------
Melee: Long sword        |    51 |       |       |       |       ||    51
       Scimitar          |       |    46 |   149 |   437 |   318 ||   950
Invok: Heroism           |       |     1 |     2 |     5 |     6 ||    14
       Divine Shield     |       |       |     2 |     4 |     6 ||    12
       Smiting           |       |       |       |     9 |     8 ||    17
       Major Destruction |       |       |       |     3 |       ||     3
       Growth            |       |       |       |       |     1 ||     1
Evoke: Wand              |       |       |       |     1 |     4 ||     5
  Use: Potion            |       |     1 |     2 |       |     7 ||    10
       Scroll            |       |       |       |     2 |     2 ||     4
  Eat: Chunk             |       |       |     3 |     6 |     1 ||    10
       Ration            |       |       |       |     1 |     1 ||     2
Armor: Scale mail        |    10 |       |       |    21 |    63 ||    94
       Plate armour      |       |    12 |    33 |    37 |       ||    82
Dodge: Dodged            |     8 |     5 |    12 |    22 |    43 ||    90
Block: Shield            |    24 |    18 |    90 |   267 |   331 ||   730
